Map: Blueshift LE

Players

INeeDMoNeY - Winner!

  • Race: Zerg Zerg
  • League: Platinum
  • Spawn Location: 1:00

NABuilds

  • Race: Terran Terran
  • Spawn Location: 7:00

VOD

Have the link to the VOD?

Description

Time

  • Played on: Aug. 18, 2018, 7:54 a.m.
  • Length: 16:11
Show
View Real Time Build Order
Export as new Build Order

INeeDMoNeY Zerg - Winner!

Build Orders: Hatch First 

Get SALT Encoding   

  12  0:02  Drone  
  13  0:12  Overlord  
  13  0:17  Drone  
  14  0:32  Drone x2  
  14  0:34  Drone  
  17  0:52  Hatchery  
  17  0:55  Drone  
  17  0:59  Drone  
  18  1:09  Extractor  
  17  1:15  Spawning Pool  
  17  1:16  Drone  
  17  1:30  Drone  
  17  1:31  Drone  
  19  1:40  Overlord  
  19  1:56  Drone  
  20  2:04  Queen x2  
  20  2:05  Zergling x4  
  26  2:09  Metabolic Boost  
  26  2:12  Zergling x2  
  27  2:34  Overlord  
  27  2:39  Drone  
  28  2:48  Hatchery  
  27  2:59  Baneling Nest  
  27  3:01  Overlord, Drone  
  27  3:02  Drone x2  
  28  3:11  Zergling x4  
  29  3:15  Zergling x4  
  29  3:19  Drone  
  32  3:20  Drone  
  33  3:30  Overlord  
  33  3:31  Drone  
  33  3:32  Zergling x2  
  35  3:35  Drone  
  36  3:44  Drone  
  36  3:46  Drone  
  36  3:47  Zergling x4  
  40  3:53  Lair, Extractor  
  38  4:06  Drone x2  
  38  4:07  Drone x3  
  43  4:14  Queen  
  43  4:16  Drone  
  43  4:17  Drone  
  47  4:19  Drone  
  47  4:23  Pneumatized Carapace  
  48  4:25  Drone  
  49  4:41  Extractor  
  49  4:43  Overlord x2  
  49  4:44  Overlord, Drone  
  49  4:45  Drone x3  
  49  5:14  Overlord x2  
  49  5:15  Drone x4  
  49  5:16  Zergling x8  
  49  5:18  Drone x3  
  60  5:21  Spore Crawler  
  60  5:25  Spore Crawler  
  60  5:26  Spore Crawler  
  57  5:30  Drone x2, Hydralisk Den  
  56  5:52  Drone x2  
  56  5:53  Drone x2  
  56  5:54  Drone x3  
  58  6:27  Drone x2  
  58  6:28  Drone x2  
  58  6:29  Overlord x3  
  58  6:30  Overlord  
  58  6:31  Drone x2, Zergling x2  
  58  6:32  Zergling x4  
  67  6:48  Extractor x2  
  65  7:01  Extractor  
  63  7:12  Muscular Augments  
  63  7:13  Hydralisk x6  
  75  7:15  Evolution Chamber  
  75  7:16  Overlord, Drone  
  75  7:17  Drone  
  76  7:26  Centrifical Hooks  
  76  7:27  Zergling x4  
  76  7:28  Zergling x6  
  81  7:33  Burrow  
  81  7:37  Infestation Pit  
  81  7:41  Spine Crawler  
  74  8:07  Zergling x24  
  74  8:08  Zergling x4  
  88  8:18  Drone x6  
  94  8:25  Drone x2  
  96  8:29  Hatchery  
  94  8:53  Drone  
  94  8:55  Hydralisk x3  
  95  8:56  Hydralisk x5  
  109  9:05  Zerg Missile Weapons Level 1  
  109  9:07  Extractor  
  104  9:10  Extractor  
  104  9:16  Drone x2  
  104  9:17  Drone x4  
  107  9:21  Zergling x2  
  107  9:22  Zergling x6  
  113  9:24  Overseer  
  111  9:37  Drone x7  
  118  9:41  Grooved Spines  
  118  9:51  Baneling x4  
  118  9:52  Baneling  
  118  9:54  Baneling x5  
  118  9:55  Baneling x6  
  118  9:59  Overseer  
  118  10:01  Queen  
  120  10:25  Drone  
  120  10:26  Drone x3  
  118  10:41  Drone x2  
  118  10:42  Overlord, Drone x7  
  124  10:43  Overlord x4  
  124  10:45  Hydralisk  
  122  11:01  Zerg Ground Armor Level 1  
  122  11:04  Evolution Chamber  
  122  11:06  Infestation Pit, Hive  
  122  11:10  Drone x7  
  122  11:11  Drone  
  127  11:35  Zergling x2  
  127  11:36  Zergling x30  
  139  11:50  Zergling x12  
  139  11:51  Zergling x10  
  150  11:54  Spine Crawler  
  150  11:56  Spine Crawler, Baneling x3  
  133  12:12  Zergling x14  
  133  12:13  Zergling x6  
  130  12:15  Baneling x3  
  130  12:16  Baneling x4  
  130  12:19  Zerg Missile Weapons Level 2  
  130  12:22  Adrenal Glands  
  130  12:24  Zergling x2  
  130  12:25  Zergling x16  
  139  12:33  Hydralisk x3  
  145  12:39  Ultralisk Cavern  
  110  13:01  Zergling x10  
  110  13:02  Zergling x20  
  118  13:38  Overlord x5  
  118  13:39  Drone x5  
  118  13:40  Overlord x2, Drone  
  118  13:42  Zergling x4  
  118  13:43  Zergling x18  
  128  13:56  Chitinous Plating  
  128  13:58  Ultralisk x5  
  128  14:02  Zergling x6  
  161  14:04  Hatchery  
  145  14:37  Zergling x16, Spire  
  145  14:38  Zergling x16  
  160  14:43  Queen  
  162  14:54  Spire  
  162  14:55  Spine Crawler  
Show
View Real Time Build Order
Export as new Build Order

NABuilds Terran 

Build Orders: Command Center First (CC), MMM Bio 

Get SALT Encoding   

  12  0:01  SCV  
  13  0:13  SCV  
  14  0:17  Supply Depot  
  14  0:25  SCV  
  15  0:39  SCV  
  16  0:51  SCV  
  17  1:02  Command Center  
  17  1:03  SCV  
  18  1:16  SCV, Barracks  
  19  1:28  SCV  
  19  1:32  Refinery  
  20  1:34  Refinery  
  20  1:43  SCV  
  21  2:03  Orbital Command  
  21  2:07  Marine  
  22  2:15  Orbital Command  
  22  2:25  Marine  
  22  2:26  Factory  
  23  2:30  SCV  
  24  2:39  Bunker  
  24  2:41  SCV  
  24  2:42  SCV  
  26  2:45  Barracks Reactor  
  25  3:15  Bunker  
  25  3:19  SCV x2, Starport  
  27  3:30  Barracks Reactor  
  27  3:31  SCV x2  
  27  3:32  Hellion x2  
  33  3:37  Engineering Bay  
  33  3:43  SCV  
  33  3:44  Engineering Bay  
  33  3:48  SCV, Supply Depot  
  35  3:54  Hellion  
  35  3:55  SCV  
  38  4:02  Supply Depot  
  38  4:09  SCV x2, Refinery  
  42  4:10  Liberator x2, Hellion  
  44  4:17  Hellion  
  44  4:21  SCV x2  
  46  4:26  Barracks Tech Lab  
  46  4:28  Supply Depot  
  52  4:34  SCV x2  
  54  4:49  Cyclone  
  54  4:52  SCV x2  
  57  5:10  SCV x2  
  59  5:25  Medivac  
  61  5:29  Barracks  
  61  5:32  Command Center  
  61  5:37  Medivac  
  61  5:48  SCV  
  62  5:52  SCV, Widow Mine  
  62  5:59  Widow Mine  
  62  6:01  SCV, Marine  
  62  6:02  Supply Depot  
  62  6:03  Supply Depot  
  60  6:04  SCV  
  58  6:13  SCV  
  58  6:14  Widow Mine  
  58  6:16  SCV  
  62  6:22  Supply Depot  
  62  6:23  Marine, Barracks  
  62  6:24  Widow Mine  
  62  6:25  Barracks  
  62  6:27  Supply Depot  
  62  6:29  Refinery, Terran Infantry Weapons Level 1, Terran Infantry Armor Level 1  
  62  6:30  Supply Depot  
  62  6:31  Barracks Tech Lab  
  62  6:32  Stimpack  
  62  6:34  Barracks  
  62  6:40  SCV  
  62  6:41  Marine  
  64  6:59  Marine  
  65  7:05  SCV  
  65  7:08  Orbital Command  
  66  7:10  Widow Mine x2, Medivac x2  
  74  7:16  Marine  
  74  7:19  SCV  
  74  7:22  Combat Shields  
  76  7:24  Barracks Reactor, Barracks  
  76  7:28  Barracks Reactor  
  76  7:34  Marine  
  77  7:46  Bunker  
  77  7:52  Marine  
  76  8:03  Marine x2  
  78  8:09  Marine x4  
  78  8:10  Marine  
  83  8:21  Marine x2  
  83  8:23  Barracks Reactor  
  83  8:27  Marine x2  
  85  8:34  Factory, Refinery  
  87  8:44  Marine x5  
  90  8:50  Orbital Command  
  90  9:07  Marine x6  
  90  9:09  Widow Mine x2, Medivac x2  
  103  9:16  Armory  
  104  9:31  SCV x2  
  104  9:37  Marine x2  
  105  9:38  Factory Tech Lab  
  105  9:56  Supply Depot  
  105  9:59  Marine x7, Supply Depot  
  111  10:00  Supply Depot  
  111  10:01  Supply Depot  
  111  10:02  Siege Tank  
  111  10:03  Supply Depot  
  111  10:04  Widow Mine  
  117  10:18  Marauder  
  117  10:19  Command Center  
  117  10:21  Supply Depot  
  119  10:25  Supply Depot  
  119  10:41  Marine x3  
  124  10:42  Widow Mine  
  124  10:43  Widow Mine, Siege Tank  
  121  10:59  Marine  
  121  11:00  Marine  
  121  11:27  Marine x3  
  121  11:28  Siege Tank  
  121  11:29  Widow Mine x2  
  126  11:45  Marine  
  126  11:46  Marine x6  
  127  11:50  Widow Mine x2  
  127  11:52  Medivac x2  
  134  12:03  Marine  
  128  12:10  Marine x4  
  128  12:11  Marine x2  
  128  12:21  Marine  
  129  12:31  Marine x3  
  132  12:40  Marine x4  
  134  12:50  Marine x3  
  96  12:58  Marine x4  
  83  13:05  Widow Mine x2, Siege Tank  
  87  13:08  Marine x3  
  93  13:16  Marine x4  
  95  13:25  Marine  
  95  13:26  Marine x2  
  98  13:33  Marine  
  98  13:34  Marine x3  
  100  13:39  Siege Tank  
  104  13:43  Terran Vehicle Weapons Level 1, Marine x3  
  99  13:51  Marine x2  
  99  13:52  Marine  
  102  14:02  Marauder  
  104  14:14  Factory  
  96  14:26  SCV  
  96  14:27  SCV  
  96  14:31  Widow Mine x2, Siege Tank  
  99  14:32  Medivac x2, Marine  
  99  14:33  Marine x5  
  113  14:48  Marauder  
  113  14:50  Marine x2  
  113  14:51  Marine x2, Marauder  
  121  15:02  Medivac  
Tags
 
Add a new tag
Caveats
  • Supply blocks, unpowered buildings, or Contaminate may cause inaccurate times.
  • Supply counts are checked every 10 seconds.